[Event "Titled Tuesday Blitz August 08 Early 2023"]
[White "Nagare Kaivalya Sandip"]
[Black "Muradli, Mahammad"]
[WhiteFideId "25957929"]
[BlackFideId "13409301"]
[WhiteElo "2664"]
[BlackElo "2909"]
[Result "1-0"]
[Round "6"]
[TimeControl "180+1"]
[Date "2023.08.08"]
[WhiteClock "0:01:21"]
[BlackClock "0:00:00"]
[Board "40"]

1. e4 d6 2. d4 e5 3. Nf3 exd4 4. Qxd4 a6 5. Nc3 Nc6 6. Qd1 Nf6 7. Bc4 Be7 8. h3 O-O 9. O-O b5 10. Bb3 Bb7 11. a4 b4 12. Nd5 Na5 13. Ba2 c5 14. Re1 Nxd5 15. Bxd5 Qc8 16. Bf4 Rd8 17. Bg5 Qc7 18. Qd2 Re8 19. Rad1 Rad8 20. Nh4 Bxd5 21. exd5 Nc4 22. Qf4 Bxg5 23. Qxg5 Nxb2 24. Rb1 Nxa4 25. Nf5 f6 26. Qg3 Nc3 27. Ra1 Re5 28. Rxe5 dxe5 29. d6 Rxd6 30. Qf3 e4 31. Qe3 Rd8 32. g4 g6 33. Ng3 Qe5 34. Rxa6 Rd7 35. Ra8+ Kg7 36. h4 c4 37. h5 g5 38. Nf5+ Kf7 39. Rh8 Ke6 40. Re8+ Kd5 41. Rxe5+ Kxe5 42. Kg2 Nd5 43. Qc5 Ke6 44. Qxc4 1-0


[Site "https://www.chess.com"]

[Event "Titled Tuesday Blitz August 08 Early 2023"]
[White "Zemlyanskii, Ivan"]
[Black "Petrosian, Karlen"]
[WhiteFideId "24249971"]
[BlackFideId "4176146"]
[WhiteElo "2905"]
[BlackElo "2670"]
[Result "1-0"]
[Round "6"]
[TimeControl "180+1"]
[Date "2023.08.08"]
[WhiteClock "0:00:26"]
[BlackClock "0:00:03"]
[Board "41"]

1. d4 Nf6 2. c4 d6 3. Nf3 g6 4. Nc3 Bf5 5. h3 Bg7 6. g4 Bd7 7. Bg2 O-O 8. O-O Nc6 9. Bf4 Rb8 10. Rc1 a6 11. e4 b5 12. e5 Ne8 13. b3 bxc4 14. bxc4 Na5 15. Qe2 Rb4 16. Nd5 Rb8 17. Rfe1 e6 18. Ne3 Bc6 19. d5 exd5 20. cxd5 Bb5 21. Qd2 dxe5 22. Nxe5 Nb7 23. Nc6 Bxc6 24. Rxc6 a5 25. Nc4 a4 26. Qb4 Nbd6 27. Qxa4 Nxc4 28. Qxc4 Nd6 29. Qc1 Rb2 30. Rxc7 Rxa2 31. Qc6 Ne8 32. Rc8 Qf6 33. Bg3 Qxc6 34. dxc6 Nf6 35. Rxf8+ Bxf8 36. c7 Rc2 37. Bb7 Bb4 38. Rd1 1-0


[Site "https://www.chess.com"]

[Event "Titled Tuesday Blitz August 08 Early 2023"]
[White "Sagita, Catur Adi"]
[Black "Vokhidov, Shamsiddin"]
[WhiteFideId "7104618"]
[BlackFideId "14204223"]
[WhiteElo "2656"]
[BlackElo "2890"]
[Result "0-1"]
[Round "6"]
[TimeControl "180+1"]
[Date "2023.08.08"]
[WhiteClock "0:00:05"]
[BlackClock "0:00:58"]
[Board "42"]

1. d4 Nf6 2. c4 e6 3. Nf3 d5 4. g3 dxc4 5. Bg2 Bb4+ 6. Nbd2 b5 7. a4 c6 8. O-O a5 9. Ne5 Ra6 10. e3 O-O 11. Qc2 Rb6 12. b3 cxb3 13. Nxb3 Ba6 14. Nc5 bxa4 15. Nxa6 Rxa6 16. Rxa4 Qe7 17. Bd2 Nd5 18. Bxd5 cxd5 19. Bxb4 axb4 20. Rxa6 Nxa6 21. Qa4 Qb7 22. Ra1 Ra8 23. Qc6 Qxc6 24. Nxc6 b3 25. Rb1 Nb8 26. Nxb8 Rxb8 27. Kf1 g5 28. Ke2 g4 29. Kd3 Kg7 30. Kc3 Kg6 31. Rxb3 Rxb3+ 32. Kxb3 Kf5 33. Kc2 Ke4 34. Kd2 Kf3 35. Ke1 f6 36. Kf1 e5 37. dxe5 fxe5 38. Kg1 Ke2 0-1


[Site "https://www.chess.com"]

[Event "Titled Tuesday Blitz August 08 Early 2023"]
[White "benny_aizenberg"]
[Black "Pranav Anand"]
[BlackFideId "46626786"]
[WhiteElo "2650"]
[BlackElo "2864"]
[Result "0-1"]
[Round "6"]
[TimeControl "180+1"]
[Date "2023.08.08"]
[WhiteClock "0:00:00"]
[BlackClock "0:00:11"]
[Board "43"]

1. f4 g6 2. Nf3 Bg7 3. e4 c5 4. Nc3 Nc6 5. Bc4 e6 6. O-O Nge7 7. d3 Na5 8. e5 h5 9. Ne4 Nf5 10. Qe1 Nxc4 11. dxc4 b6 12. Bd2 Bb7 13. Bc3 Qe7 14. Nd6+ Nxd6 15. exd6 Qf8 16. Bxg7 Qxg7 17. Qh4 f6 18. a4 a5 19. Ra3 Bc6 20. Re1 O-O-O 21. Qf2 Kb7 22. c3 Ra8 23. Rb1 Qf8 24. b4 cxb4 25. cxb4 Qxd6 26. c5 Qxf4 27. bxa5 Rxa5 28. Qb2 Kc8 29. Qxb6 Qc7 30. Qb2 Qa7 31. Qxf6 Qxc5+ 32. Kh1 Rf8 33. Qb2 Ra8 34. Rc3 Qa7 35. Ne5 Qc7 36. Nxc6 dxc6 37. Rbc1 Rxa4 38. Rxc6 Rf1+ 39. Rxf1 Qxc6 40. Rf8+ Kd7 41. Qg7+ Kd6 42. Rd8+ Kc5 43. Qc3+ Kb6 44. Qb3+ Kc5 45. Qc2+ Rc4 46. Qf2+ Kb4 47. Rb8+ Ka5 48. Qa7+ Qa6 49. Qe3 Qd6 50. Ra8+ Kb5 51. Qb3+ Rb4 52. Qc2 Qc6 53. Ra2 Qxc2 0-1


[Site "https://www.chess.com"]

[Event "Titled Tuesday Blitz August 08 Early 2023"]
[White "Goltsev, Dmitry"]
[Black "Molina, Roberto Junio Brito"]
[WhiteFideId "24176710"]
[BlackFideId "2109450"]
[WhiteElo "2631"]
[BlackElo "2855"]
[Result "1-0"]
[Round "6"]
[TimeControl "180+1"]
[Date "2023.08.08"]
[WhiteClock "0:01:39"]
[BlackClock "0:00:00"]
[Board "44"]

1. e4 c6 2. d4 d5 3. Nc3 dxe4 4. Nxe4 Nd7 5. Qe2 Ndf6 6. Nf3 Bg4 7. Bf4 Bxf3 8. gxf3 e6 9. c3 Nd5 10. Bg3 Ngf6 11. h4 g6 12. Bh3 Be7 13. Be5 Rg8 14. Ng5 h6 15. Ne4 Nh5 16. Qd2 f5 17. Qxh6 Qd7 18. Nc5 Bxc5 19. dxc5 O-O-O 20. O-O-O Qe7 21. Bd6 Qf6 22. Qg5 Qxg5+ 23. hxg5 Rge8 24. Bf1 b5 25. c4 bxc4 26. Bxc4 Kb7 27. Rd3 Ka8 28. Rb3 Rd7 29. Re1 Nhf4 30. Bxd5 Nxd5 31. Rxe6 Rh8 32. Rxg6 a5 33. Re6 Rh1+ 34. Kd2 Nc7 35. Re7 Rxe7 36. Bxe7 Ne6 37. Re3 Nf4 38. Bd6 Nd5 39. Re8+ Kb7 40. g6 Rg1 41. Rg8 Ka6 42. g7 Ka7 43. Be5 Ne7 44. Re8 1-0


[Site "https://www.chess.com"]

[Event "Titled Tuesday Blitz August 08 Early 2023"]
[White "Henriquez Villagra, Cristobal"]
[Black "Weishaeutel, Moritz"]
[WhiteFideId "3409350"]
[BlackFideId "12967300"]
[WhiteElo "2843"]
[BlackElo "2651"]
[Result "1-0"]
[Round "6"]
[TimeControl "180+1"]
[Date "2023.08.08"]
[WhiteClock "0:00:10"]
[BlackClock "0:00:00"]
[Board "45"]

1. Nf3 Nf6 2. g3 d5 3. Bg2 c5 4. O-O e6 5. d3 Be7 6. Nbd2 O-O 7. e4 Nc6 8. a4 e5 9. b3 Bg4 10. h3 Bh5 11. g4 Bg6 12. Nh4 dxe4 13. Nxg6 hxg6 14. Nxe4 Nd5 15. g5 Nf4 16. Qg4 Nd4 17. Ra2 Nde6 18. h4 f5 19. gxf6 gxf6 20. Bxf4 Nxf4 21. Nc3 f5 22. Qf3 Bxh4 23. Nd5 Nxd5 24. Qxd5+ Qxd5 25. Bxd5+ Kg7 26. Bxb7 Rae8 27. a5 Re7 28. a6 e4 29. Ra4 Rfe8 30. Kg2 Bf6 31. dxe4 fxe4 32. Rc4 e3 33. fxe3 Rxe3 34. Rxc5 Re2+ 35. Kg3 R8e3+ 36. Bf3 Be5+ 37. Kg4 Rd2 38. Rd1 Rxd1 39. Bxd1 Rg3+ 40. Kh4 Bd6 41. Rd5 Bf4 42. Rd4 Be5 43. Re4 Bd6 44. Re6 Bf4 45. Bg4 Kh6 46. Rc6 Re3 47. Bf5 Rg3 48. b4 Rg1 49. b5 Bg5+ 50. Kh3 Be3 51. c4 Rh1+ 52. Kg2 Rg1+ 53. Kf3 Bb6 54. Be4 Rf1+ 55. Kg2 Rg1+ 56. Kh2 Rg5 57. Bd5 Rh5+ 58. Kg3 Rg5+ 59. Kf3 Rf5+ 60. Ke4 Rf1 61. c5 Re1+ 62. Kf3 Ba5 63. Be4 Rc1 64. Rxg6+ Kh5 65. Rc6 Bb4 66. b6 Rxc5 67. b7 Rxc6 68. b8=Q Bd6 69. Qe8+ 1-0


[Site "https://www.chess.com"]

[Event "Titled Tuesday Blitz August 08 Early 2023"]
[White "Ibarra Jerez, Jose Carlos"]
[Black "Jain Kashish Manoj"]
[WhiteFideId "2226332"]
[BlackFideId "35081098"]
[WhiteElo "2837"]
[BlackElo "2626"]
[Result "1-0"]
[Round "6"]
[TimeControl "180+1"]
[Date "2023.08.08"]
[WhiteClock "0:01:17"]
[BlackClock "0:00:02"]
[Board "46"]

1. e4 c5 2. Nf3 d6 3. c3 Nf6 4. Bd3 Nc6 5. h3 e6 6. Bc2 Be7 7. d4 O-O 8. d5 exd5 9. exd5 Na5 10. O-O b5 11. b4 Nc4 12. a4 Bb7 13. axb5 Bxd5 14. Bg5 Be6 15. Re1 Re8 16. Bxf6 Bxf6 17. Qd3 cxb4 18. Qxh7+ Kf8 19. Nh4 Ne5 20. f4 Nd7 21. Qh8+ Ke7 22. Nf5# 1-0


[Site "https://www.chess.com"]

[Event "Titled Tuesday Blitz August 08 Early 2023"]
[White "Rustemov, Alexander"]
[Black "Erzhanov, Arman"]
[WhiteFideId "4119002"]
[BlackFideId "4138821"]
[WhiteElo "2831"]
[BlackElo "2622"]
[Result "0-1"]
[Round "6"]
[TimeControl "180+1"]
[Date "2023.08.08"]
[WhiteClock "0:00:00"]
[BlackClock "0:00:27"]
[Board "47"]

1. d4 d6 2. Nf3 g6 3. c4 Bg7 4. g3 e5 5. Bg2 Nd7 6. Nc3 Ne7 7. O-O O-O 8. Rb1 Nc6 9. e3 f5 10. b4 e4 11. Ne1 Ne7 12. f3 exf3 13. Nxf3 Nf6 14. Qd3 Re8 15. Bd2 c6 16. b5 d5 17. Ne5 Ne4 18. bxc6 bxc6 19. cxd5 cxd5 20. Nxe4 fxe4 21. Qb5 Bxe5 22. dxe5 Bd7 23. Qb7 Bc6 24. Qb2 Rb8 25. Qd4 Bb5 26. Rf6 Nc6 27. Qc5 Nxe5 28. Rxb5 Qxf6 29. Rxb8 Rxb8 30. Qxd5+ Kg7 31. Qxe4 Ng4 32. Qf4 Rb1+ 33. Bf1 Qxf4 34. gxf4 Nxh2 35. Kxh2 Rxf1 36. Kg3 Kf7 37. Bc3 Rc1 38. Bd4 a5 39. a4 Rc4 40. Kf3 Rxa4 41. Ke4 Ra2 42. Kd5 h5 43. e4 h4 44. e5 Rd2 45. e6+ Ke7 46. Ke5 Rxd4 0-1


[Site "https://www.chess.com"]

[Event "Titled Tuesday Blitz August 08 Early 2023"]
[White "Salinas Herrera, Pablo"]
[Black "Zarnicki, Pablo"]
[WhiteFideId "3407128"]
[BlackFideId "100137"]
[WhiteElo "2828"]
[BlackElo "2621"]
[Result "1-0"]
[Round "6"]
[TimeControl "180+1"]
[Date "2023.08.08"]
[WhiteClock "0:02:11"]
[BlackClock "0:00:56"]
[Board "48"]

1. d4 Nf6 2. Bf4 d5 3. e3 e6 4. Nf3 Bd6 5. Nbd2 O-O 6. Bd3 c5 7. c3 Nc6 8. Bg3 Qc7 9. dxc5 Bxg3 10. hxg3 e5 11. e4 h6 12. Qe2 Bg4 13. exd5 Nxd5 14. O-O Rfe8 15. Rfe1 Rad8 16. Ne4 Re7 17. Bc4 Na5 18. Bxd5 Rxd5 19. b4 Nc6 20. Nd6 b6 21. Qe4 Be6 22. Nf5 Bxf5 23. Qxd5 Rd7 24. Qc4 e4 25. cxb6 axb6 26. Nd4 Nxd4 27. Qxc7 Rxc7 28. cxd4 Rc4 29. a3 Rxd4 30. Red1 Rd3 31. Rxd3 exd3 32. Kf1 Kf8 33. Ke1 Ke7 34. Kd2 Kd6 35. Rc1 Be4 36. f3 Bg6 37. a4 1-0


[Site "https://www.chess.com"]

[Event "Titled Tuesday Blitz August 08 Early 2023"]
[White "NovoselovRoman"]
[Black "Rasulov, Vugar"]
[BlackFideId "13402390"]
[WhiteElo "2618"]
[BlackElo "2818"]
[Result "0-1"]
[Round "6"]
[TimeControl "180+1"]
[Date "2023.08.08"]
[WhiteClock "0:00:00"]
[BlackClock "0:00:21"]
[Board "49"]

1. e4 e5 2. Nf3 Nc6 3. Bc4 Nf6 4. d3 Be7 5. Nc3 O-O 6. Bg5 d6 7. h3 Na5 8. Qe2 c6 9. Bb3 b5 10. O-O Nh5 11. Bd2 g6 12. d4 Bf6 13. dxe5 dxe5 14. Rad1 Nxb3 15. axb3 Qe7 16. Nh2 Nf4 17. Qf3 Ne6 18. Ne2 h5 19. Bc3 Bg7 20. Qe3 a5 21. f4 Qc5 22. Qxc5 Nxc5 23. Bxe5 Nxe4 24. Bxg7 Kxg7 25. Nf3 b4 26. Rfe1 c5 27. Nc1 Bf5 28. Nd3 Rac8 29. Nfe5 f6 30. Nc4 Ra8 31. Re3 h4 32. Rde1 Ng3 33. Re7+ Kh6 34. Nxc5 Bxc2 35. Rc7 Rac8 36. Ree7 Rxc7 37. Rxc7 Re8 38. Kf2 Re2+ 39. Kf3 Bd1 40. Ne3 Rd2+ 41. Nxd1 Rxd1 42. Ne6 Rd3+ 43. Kg4 Nf5 0-1


[Site "https://www.chess.com"]

[Event "Titled Tuesday Blitz August 08 Early 2023"]
[White "Mikhailovsky, Vladimir"]
[Black "Vaibhav Jayant Raut"]
[WhiteFideId "34105414"]
[BlackFideId "5089034"]
[WhiteElo "2810"]
[BlackElo "2615"]
[Result "0-1"]
[Round "6"]
[TimeControl "180+1"]
[Date "2023.08.08"]
[WhiteClock "0:00:02"]
[BlackClock "0:00:29"]
[Board "50"]

1. e4 c5 2. Nf3 Nc6 3. Bc4 e6 4. O-O Nge7 5. Re1 g6 6. e5 Bg7 7. Nc3 O-O 8. a3 a6 9. d3 b5 10. Ba2 Bb7 11. Bf4 Nd4 12. Nxd4 cxd4 13. Ne4 Qc7 14. Qd2 Bxe4 15. Rxe4 Rac8 16. Rc1 Qc5 17. h4 h5 18. Bh6 Nf5 19. Bxg7 Kxg7 20. Qf4 Qe7 21. Bb3 Rc5 22. g3 Rfc8 23. Rce1 a5 24. a4 bxa4 25. Bxa4 Rb8 26. Qc1 Rb4 27. b3 Rb8 28. R1e2 Rbc8 29. Qe1 Qd8 30. Qd1 Qc7 31. Qe1 Rxc2 32. Rxc2 Qxc2 33. Bxd7 Rc5 34. b4 axb4 35. Qxb4 Qxd3 36. Qxc5 Qxe4 37. Bc6 Qe1+ 38. Kg2 d3 39. Ba4 d2 40. Qc2 Qe2 41. Kg1 Nd4 42. Qd1 Qe1+ 43. Kg2 Qe4+ 44. Kg1 Ne2+ 45. Kf1 Nc3 46. Qxd2 Qh1# 0-1


[Site "https://www.chess.com"]

[Event "Titled Tuesday Blitz August 08 Early 2023"]
[White "Malek, Jan"]
[Black "Lysyj, Igor"]
[WhiteFideId "21864080"]
[BlackFideId "4150120"]
[WhiteElo "2606"]
[BlackElo "2807"]
[Result "1-0"]
[Round "6"]
[TimeControl "180+1"]
[Date "2023.08.08"]
[WhiteClock "0:00:05"]
[BlackClock "0:00:00"]
[Board "51"]

1. d4 d5 2. Nf3 Nf6 3. Bg5 Ne4 4. Bf4 Bf5 5. e3 e6 6. Nbd2 Bd6 7. Bxd6 cxd6 8. Bd3 O-O 9. O-O Nd7 10. Qe2 Qb6 11. Rab1 Ndf6 12. h3 h6 13. c4 Rfc8 14. Rfc1 dxc4 15. Nxc4 Qd8 16. Nfd2 Rc6 17. Nxe4 Nxe4 18. Rc2 Rac8 19. Rbc1 Bg6 20. a3 a6 21. Nd2 Ng3 22. fxg3 Rxc2 23. Rxc2 Rxc2 24. Bxc2 Bxc2 25. Qc4 Bg6 26. Kf2 Qf6+ 27. Nf3 Be4 28. Qc8+ Kh7 29. Qc7 Qf5 30. g4 Qb5 31. b4 Bg6 32. Qxd6 Qd3 33. Qc7 b5 34. Qa5 Be4 35. Qxa6 Bxf3 36. gxf3 Qd2+ 37. Kg3 Qxe3 38. Qxb5 Qg1+ 39. Kf4 Qxd4+ 40. Kg3 Qg1+ 41. Kf4 g5+ 42. Ke4 Qe1+ 43. Kd4 Qa1+ 44. Ke4 Qxa3 45. Qc4 Qb2 46. b5 Qb1+ 47. Qd3 Qb4+ 48. Ke5+ Kg7 49. Qd7 Qc3+ 50. Kd6 Qxf3 51. b6 Qe3 52. Kc7 Qc5+ 53. Qc6 Qe5+ 54. Qd6 Qc3+ 55. Kd8 Qb3 56. Kc8 e5 57. b7 Qc4+ 58. Kd8 Qb3 59. b8=Q 1-0


[Site "https://www.chess.com"]

[Event "Titled Tuesday Blitz August 08 Early 2023"]
[White "Klukin, Kirill"]
[Black "SmirnovAlexandrA"]
[WhiteFideId "24199273"]
[WhiteElo "2800"]
[BlackElo "2599"]
[Result "1-0"]
[Round "6"]
[TimeControl "180+1"]
[Date "2023.08.08"]
[WhiteClock "0:00:08"]
[BlackClock "0:00:00"]
[Board "52"]

1. d4 Nf6 2. c4 g6 3. Nc3 Bg7 4. Nf3 d6 5. e3 O-O 6. Be2 c5 7. O-O Nc6 8. b3 cxd4 9. Nxd4 Nxd4 10. exd4 d5 11. c5 Ne4 12. Bb2 Nxc3 13. Bxc3 Bf5 14. b4 a6 15. a4 Qd7 16. b5 axb5 17. axb5 h5 18. Qd2 Bg4 19. Bd3 Bf5 20. Be2 Bg4 21. f3 Bf5 22. Ra5 Rxa5 23. Bxa5 Ra8 24. Rc1 Bxd4+ 25. Qxd4 Rxa5 26. Qe5 Ra2 27. Kf1 d4 28. c6 bxc6 29. bxc6 Qe6 30. Qxe6 Bxe6 31. c7 Bc8 32. Rb1 Rc2 33. Rb8 Rxc7 34. Ba6 Ra7 35. Rxc8+ Kg7 36. Bc4 e6 37. h4 Kf6 38. Kf2 Ke5 39. Kg3 Ra4 40. Bd3 Ra3 41. Bb5 Rb3 42. Be8 f5 43. Bxg6 d3 44. Rd8 Kf6 45. Bxh5 e5 46. Kf2 f4 47. Kg1 Rb1+ 48. Kh2 Rd1 49. Bg4 d2 50. h5 Kg5 51. Rd5 Kh4 52. h6 Ra1 53. Rxd2 Ra8 54. Rd5 Rh8 55. Rd6 Kg5 56. Kg1 1-0


[Site "https://www.chess.com"]

[Event "Titled Tuesday Blitz August 08 Early 2023"]
[White "Shvedova, Alexandra"]
[Black "Sethuraman, S.P."]
[WhiteFideId "54154782"]
[BlackFideId "5021596"]
[WhiteElo "2570"]
[BlackElo "2790"]
[Result "0-1"]
[Round "6"]
[TimeControl "180+1"]
[Date "2023.08.08"]
[WhiteClock "0:00:13"]
[BlackClock "0:01:02"]
[Board "53"]

1. e4 c5 2. Ne2 Nc6 3. d4 cxd4 4. Nxd4 Nf6 5. Nc3 d6 6. Bg5 e6 7. Qd2 a6 8. O-O-O Be7 9. f4 Bd7 10. Nf3 b5 11. Bxf6 gxf6 12. f5 Qa5 13. Kb1 h5 14. g3 b4 15. Ne2 e5 16. Nc1 Rc8 17. Be2 Qb6 18. h3 a5 19. g4 a4 20. g5 fxg5 21. f6 Bf8 22. Qxg5 b3 23. cxb3 axb3 24. Nxb3 Be6 25. Rc1 Bh6 26. Qxh5 Kd7 27. Rcd1 Bf4 28. Qxh8 Rxh8 29. h4 Nb4 30. Nc1 Bxc1 31. Rxc1 Bxa2+ 32. Ka1 Be6 33. Rc3 Qa5+ 34. Kb1 Qa2+ 35. Kc1 Qa1+ 0-1


[Site "https://www.chess.com"]

[Event "Titled Tuesday Blitz August 08 Early 2023"]
[White "Cherniaiev, Tykhon"]
[Black "Deng, Henry"]
[WhiteFideId "14182360"]
[BlackFideId "30965454"]
[WhiteElo "2777"]
[BlackElo "2564"]
[Result "1-0"]
[Round "6"]
[TimeControl "180+1"]
[Date "2023.08.08"]
[WhiteClock "0:00:15"]
[BlackClock "0:01:19"]
[Board "54"]

1. Nf3 d5 2. d4 c6 3. c4 Nf6 4. e3 Bf5 5. Bd3 Bg6 6. O-O e6 7. Re1 Nbd7 8. Nc3 Be7 9. e4 dxe4 10. Nxe4 Nxe4 11. Bxe4 Bxe4 12. Rxe4 Nf6 13. Re1 c5 14. d5 exd5 15. Qe2 d4 16. b4 Kf8 17. bxc5 Bxc5 18. Bb2 Qb6 19. Rad1 Re8 20. Ne5 Kg8 21. Qc2 g6 22. Nd3 Rd8 23. Nxc5 Qxc5 24. Qb3 Rd7 25. Qd3 Kg7 26. Bxd4 Rhd8 27. Bxf6+ Kxf6 28. Qc3+ Kg5 29. Rxd7 Rxd7 30. Re5+ Kh6 31. Qc1+ 1-0


[Site "https://www.chess.com"]

[Event "Titled Tuesday Blitz August 08 Early 2023"]
[White "Sychev, Klementy"]
[Black "ArtemDyachuk"]
[WhiteFideId "4114060"]
[WhiteElo "2767"]
[BlackElo "2548"]
[Result "1-0"]
[Round "6"]
[TimeControl "180+1"]
[Date "2023.08.08"]
[WhiteClock "0:00:08"]
[BlackClock "0:00:00"]
[Board "55"]

1. e4 c5 2. Nf3 d6 3. d4 cxd4 4. Nxd4 Nf6 5. Nc3 Nc6 6. Bg5 e6 7. Bb5 Bd7 8. Qd3 Be7 9. O-O-O Rc8 10. Bxc6 bxc6 11. Nb3 d5 12. e5 Ng8 13. Bxe7 Nxe7 14. Nc5 Ng6 15. Qe3 O-O 16. h4 Rb8 17. h5 Ne7 18. g4 Rb4 19. f3 Bc8 20. h6 g5 21. Qxg5+ Ng6 22. Qd2 Rb8 23. N5e4 Qb6 24. Nf6+ Kh8 25. b3 Qc5 26. Kb1 Ba6 27. Nd7 Qb4 28. Qg5 f6 29. Qe3 fxe5 30. Nxe5 Kg8 31. Nxg6 hxg6 32. Qxe6+ Kh7 33. Qd7+ 1-0


[Site "https://www.chess.com"]

[Event "Titled Tuesday Blitz August 08 Early 2023"]
[White "Aradhya, Garg"]
[Black "Lacasa Diaz, Jose Antonio"]
[WhiteFideId "25006746"]
[BlackFideId "2203375"]
[WhiteElo "2764"]
[BlackElo "2392"]
[Result "1-0"]
[Round "6"]
[TimeControl "180+1"]
[Date "2023.08.08"]
[WhiteClock "0:01:24"]
[BlackClock "0:00:39"]
[Board "56"]

1. d4 d5 2. c4 e6 3. Nf3 c5 4. cxd5 exd5 5. g3 Nc6 6. Bg2 cxd4 7. Nxd4 Bc5 8. Nxc6 bxc6 9. Qc2 Bb4+ 10. Bd2 Bxd2+ 11. Nxd2 Ne7 12. O-O O-O 13. Nb3 a5 14. Rac1 a4 15. Nd4 Bd7 16. Rfd1 Qb6 17. Qc5 Qxc5 18. Rxc5 Rfb8 19. Rd2 Rb4 20. e3 Rab8 21. b3 axb3 22. axb3 g6 23. h4 Ra8 24. e4 Ra1+ 25. Kh2 Kg7 26. exd5 Nxd5 27. Nc2 Ra2 28. Nxb4 Rxd2 29. Nxd5 cxd5 30. Rxd5 Rxd5 31. Bxd5 f5 32. Kg2 Kf6 33. f4 Ke7 34. Kf3 Kd6 35. Bg8 Be8 36. Ke3 Kc5 37. Kd3 h6 38. Kc3 Kd6 39. b4 Ke7 40. Kc4 g5 41. Kc5 gxf4 42. gxf4 Kf6 43. b5 Bxb5 44. Kxb5 Kg6 45. Be6 Kh5 46. Bxf5 Kxh4 47. Be6 Kh5 48. Kc5 Kg6 49. Kd5 Kf6 50. Bd7 h5 51. Ke4 h4 52. Bh3 Kg6 53. Kf3 1-0


[Site "https://www.chess.com"]

[Event "Titled Tuesday Blitz August 08 Early 2023"]
[White "Megaranto, Susanto"]
[Black "Mammadzada, Gunay"]
[WhiteFideId "7101384"]
[BlackFideId "13403729"]
[WhiteElo "2971"]
[BlackElo "2521"]
[Result "1/2-1/2"]
[Round "6"]
[TimeControl "180+1"]
[Date "2023.08.08"]
[WhiteClock "0:01:05"]
[BlackClock "0:00:03"]
[Board "57"]

1. d4 d5 2. Nf3 Nf6 3. c4 c6 4. Nc3 dxc4 5. a4 Bf5 6. e3 e6 7. Bxc4 Bb4 8. O-O O-O 9. h3 Bg6 10. Nh4 Nd5 11. Nxg6 hxg6 12. Qc2 a5 13. Rd1 Nd7 14. e4 N5b6 15. Bb3 Qh4 16. Be3 Rac8 17. f3 c5 18. d5 c4 19. Ba2 Bc5 20. Qf2 Qxf2+ 21. Kxf2 Bxe3+ 22. Kxe3 Nc5 23. dxe6 fxe6 24. Rd6 Ncxa4 25. Rxe6 Rf6 26. Re7 Nc5 27. Rd1 Rf7 28. Rxf7 Kxf7 29. Rd6 Rc6 30. Rxc6 bxc6 31. Kd4 Nd3 32. Bxc4+ Nxc4 33. Kxc4 Nxb2+ 34. Kc5 g5 35. Kxc6 a4 36. Kd6 a3 37. e5 Nc4+ 38. Kd5 Ne3+ 39. Kd6 Nc4+ 40. Kd5 Ne3+ 41. Ke4 Nxg2 42. Kf5 Ne3+ 43. Kxg5 Ke6 44. f4 Nd5 45. Na2 g6 46. h4 Kf7 47. Kg4 Ke6 48. Kg5 Kf7 49. f5 gxf5 50. Kxf5 Ne7+ 51. Kg5 Ke6 52. h5 Ng8 53. Kg6 Kxe5 54. Kg7 Nf6 55. h6 Kf5 56. Kf7 Kg5 57. Kg7 Nh5+ 58. Kh7 Nf6+ 59. Kg7 Nh5+ 60. Kh7 Nf6+ 61. Kg7 1/2-1/2


[Site "https://www.chess.com"]

[Event "Titled Tuesday Blitz August 08 Early 2023"]
[White "Shimanov, Aleksandr"]
[Black "Aevengho"]
[WhiteFideId "4198603"]
[WhiteElo "2914"]
[BlackElo "2581"]
[Result "1-0"]
[Round "6"]
[TimeControl "180+1"]
[Date "2023.08.08"]
[WhiteClock "0:02:10"]
[BlackClock "0:00:42"]
[Board "58"]

1. d4 Nf6 2. Bg5 d5 3. Nd2 Nbd7 4. e3 e6 5. f4 Be7 6. Bd3 h6 7. Bxf6 Nxf6 8. Ngf3 c5 9. c3 O-O 10. Ne5 Qb6 11. Rb1 Nd7 12. O-O Nxe5 13. fxe5 f5 14. exf6 Bxf6 15. Qh5 cxd4 16. exd4 Bxd4+ 17. Kh1 Bf6 18. Qg6 Qe3 19. Nf3 Bd7 20. Rbe1 Qf4 21. g3 Qd6 22. Ne5 1-0


[Site "https://www.chess.com"]

[Event "Titled Tuesday Blitz August 08 Early 2023"]
[White "Eynullayev, Altay"]
[Black "Khubukshanov, Erdem"]
[WhiteFideId "13413562"]
[BlackFideId "54114527"]
[WhiteElo "2581"]
[BlackElo "2837"]
[Result "0-1"]
[Round "6"]
[TimeControl "180+1"]
[Date "2023.08.08"]
[WhiteClock "0:00:02"]
[BlackClock "0:00:43"]
[Board "59"]

1. e4 d5 2. exd5 Qxd5 3. Nc3 Qd6 4. d4 Nf6 5. Nf3 a6 6. a4 Bf5 7. Bd3 Bxd3 8. Qxd3 Nc6 9. O-O Nb4 10. Qe2 e6 11. Bg5 Be7 12. Bxf6 gxf6 13. Ne4 Qd5 14. c3 Nc6 15. Rad1 f5 16. Ng3 O-O-O 17. Rfe1 Rhg8 18. b4 b5 19. axb5 axb5 20. Ra1 Kb7 21. Qe3 Rg4 22. Qh6 f4 23. Ne4 Rdg8 24. Qh3 Qf5 25. Ned2 Qg6 26. g3 fxg3 27. hxg3 h5 28. Ne5 Nxe5 29. Rxe5 Qd3 30. Nf1 h4 31. Qg2+ c6 32. Re3 Qg6 33. Re5 Qd3 34. Re3 Qc4 35. Nd2 Qd5 36. Qxd5 cxd5 37. Nf1 Bd6 38. Kg2 Bc7 39. Rae1 hxg3 40. fxg3 Ra8 41. Rf3 Rg7 42. Ne3 Ra2+ 43. Kh3 Rh7+ 44. Kg4 Rah2 45. Kg5 R2h5+ 46. Kf6 Bd8# 0-1


[Site "https://www.chess.com"]

[Event "Titled Tuesday Blitz August 08 Early 2023"]
[White "Borgaonkar Akshay"]
[Black "JeRoma71"]
[WhiteFideId "25639110"]
[WhiteElo "2580"]
[BlackElo "2817"]
[Result "1/2-1/2"]
[Round "6"]
[TimeControl "180+1"]
[Date "2023.08.08"]
[WhiteClock "0:00:04"]
[BlackClock "0:00:06"]
[Board "60"]

1. e4 a6 2. d4 b5 3. a4 Bb7 4. axb5 axb5 5. Rxa8 Bxa8 6. f3 b4 7. c3 e6 8. Bd3 Nf6 9. Ne2 c5 10. O-O Nc6 11. Be3 cxd4 12. cxd4 Be7 13. Nd2 O-O 14. Qa4 d5 15. e5 Nd7 16. Ra1 Qb6 17. Bf2 Bb7 18. Qb5 f6 19. exf6 Bxf6 20. Nb3 Be7 21. Qxb6 Nxb6 22. Ba6 Rb8 23. Bg3 Bxa6 24. Rxa6 Rb7 25. Nc5 Nb8 26. Bxb8 Rxb8 27. Nxe6 b3 28. Ra7 Bf6 29. Nc5 Nc4 30. Nd7 Rb4 31. Nxf6+ gxf6 32. Nc1 Nxb2 33. Ra3 Rxd4 34. Rxb3 Nc4 35. Ne2 Rd2 36. Kf2 Kf7 37. Rb7+ Ke6 38. Rxh7 d4 39. Rh4 Kd5 40. Ke1 d3 41. Nc3+ Ke5 42. Rxc4 Rxg2 43. Re4+ Kf5 44. Nd5 Rxh2 45. Ne3+ Kg6 46. Nd5 f5 47. Nf4+ Kg5 48. Rd4 d2+ 49. Kd1 Kh4 50. Ne2+ Kh3 51. Kxd2 Kg2 52. Rd5 Kxf3 53. Rxf5+ Ke4 54. Ra5 Rh8 55. Ra4+ Ke5 56. Ra3 Rd8+ 57. Ke3 Rb8 58. Ra5+ Kd6 59. Nd4 Re8+ 60. Kd3 Rh8 61. Kc4 Rc8+ 62. Kd3 Rh8 63. Nc2 Rh4 64. Ne3 Kc6 65. Ra6+ Kc5 66. Rf6 Rh3 67. Rf5+ Kc6 68. Kd4 Rh4+ 69. Kc3 Rh3 70. Kd3 Kd6 71. Rf6+ Ke5 72. Ra6 Rh8 73. Ra5+ Ke6 74. Nc2 Rh4 75. Nd4+ Kd7 76. Kc4 Rh1 77. Nf3 Kd6 78. Ra6+ Ke7 79. Ne5 Re1 80. Kd5 Rd1+ 81. Ke4 Re1+ 82. Kf5 Rf1+ 83. Kg5 Re1 84. Ng6+ Kd7 85. Kf5 Kc7 86. Ne5 Kb7 87. Rg6 Rb1 88. Ke6 Rb6+ 89. Kf7 Rxg6 90. Nxg6 1/2-1/2


[Site "https://www.chess.com"]